 Dungeon Crawl Stone Soup version 0.28-a0-881-gae16bb6c82 (webtiles) character file.

Game seed: 1648440420768146549

3574 Froggeryz the Basher (level 10, -2/61 HPs)
             Began as a Gargoyle Warper on Nov 21, 2021.
             Was an Elder of Wu Jian.
             Slain by a wolf (7 damage)
             ... led by Grum
             ... on level 7 of the Dungeon.
             The game lasted 00:11:15 (12145 turns).

Froggeryz the Basher (Gargoyle Warper)             Turns: 12145, Time: 00:11:16

Health: -2/61      AC: 15    Str: 17    XL:     10   Next: 10%
Magic:  22/22      EV:  9    Int: 15    God:    Wu Jian [****..]
Gold:   288        SH:  4    Dex:  9    Spells: 13/13 levels left

rFire   + . .      SeeInvis .   B - +2 flail (drain)
rCold   + . .      Faith    .   i - +0 buckler
rNeg    + . .      Spirit   .   c - +0 scale mail
rPois   ∞          Reflect  .   s - +0 helmet
rElec   +          Harm     .   j - scarf {rC+ rF+}
rCorr   .          Rampage  .   (no gloves)
Will    .....                   (no boots)
Stlth   ..........              (no amulet)
HPRegen 0.20/turn               f - ring of magical power
MPRegen 0.18/turn               (no ring)

@: no status effects
A: sickness immunity, AC +7, negative energy resistance 1, electricity
resistance, torment resistance 1, petrification resistance
a: Renounce Religion, Wall Jump, Serpent's Lash


You were on level 7 of the Dungeon.
You worshipped Wu Jian.
Wu Jian was greatly pleased with you.
You visited 2 branches of the dungeon, and saw 9 of its levels.

You collected 365 gold pieces.
You spent 77 gold pieces at shops.

Inventory:

Hand Weapons
 B - a +2 flail of draining (weapon)
Missiles
 d - 3 boomerangs of dispersal
 h - 39 poisoned darts (quivered)
 n - 3 boomerangs
 z - a throwing net
Armour
 c - a +0 scale mail (worn)
 i - a +0 buckler (worn)
 j - a scarf of resistance (worn)
 s - a +0 helmet (worn)
Jewellery
 f - a ring of magical power (left hand)
 y - a ring of fire
 D - a +6 ring of dexterity
 E - an amulet of reflection
Wands
 b - a wand of flame (17)
 v - a wand of polymorph (12)
 w - a wand of mindburst (13)
 F - a wand of iceblast (11)
Scrolls
 a - 4 scrolls of noise
 e - a scroll of enchant armour {unknown}
 g - a scroll of vulnerability {unknown}
 k - 3 scrolls of teleportation
 l - 2 scrolls of immolation
 r - a scroll of fear
 t - 3 scrolls of magic mapping
 u - 2 scrolls of fog
 x - a scroll of enchant weapon
 C - 2 scrolls of holy word {unknown}
 G - a scroll of identify
Potions
 m - 3 potions of lignification {unknown}
 o - 4 potions of curing
 p - 2 potions of might {unknown}
 A - a potion of ambrosia {unknown}
 H - a potion of resistance


   Skills:
 + Level 6.3 Fighting
 * Level 11.4 Maces & Flails
 + Level 3.4 Throwing
 - Level 4.1 Armour
 - Level 1.5 Dodging
 - Level 4.0 Shields
 - Level 2.0 Spellcasting
 - Level 2.6 Translocations


You had 13 spell levels left.
You didn't know any spells.
Your spell library contained the following spells:

 Spells                   Type           Power      Damage    Failure   Level
 Blink                    Tloc           18%        N/A       34%         2
 Foxfire                  Conj/Fire      4%         2x1d4     56%         1
 Magic Dart               Conj           4%         1d3       56%         1
 Shock                    Conj/Air       4%         1d3       56%         1
 Gell's Gravitas          Tloc           9%         N/A       56%         3
 Lesser Beckoning         Tloc           9%         N/A       56%         3
 Teleport Other           Tloc           9%         N/A       56%         3
 Passwall                 Tmut/Erth      0%         N/A       71%         2
 Static Discharge         Conj/Air       1%         N/A       71%         2
 Ignite Poison            Fire/Tmut/Pois 1%         N/A       91%         3
 Mephitic Cloud           Conj/Pois/Air  1%         N/A       91%         3
 Swiftness                Air            1%         N/A       91%         3
 Airstrike                Air            0%         N/A       100%        4
 Dispel Undead            Necr           1%         3d6       100%        4
 Sticky Flame             Conj/Fire      1%         2d3       100%        4
 Freezing Cloud           Conj/Ice/Air   0%         6-21      100%        5
 Manifold Assault         Tloc           9%         N/A       100%        5


Dungeon Overview and Level Annotations

Branches:
Dungeon (8/15)             Temple (1/1) D:6
   Lair: D:8-11

Altars:
Ashenzari
Cheibriados
Dithmenos
Elyvilon
Fedhas
Gozag
Hepliaklqana
Kikubaaqudgha
Makhleb
Nemelex Xobeh
Okawaru
Qazlal
Ru
Sif Muna
Trog
Uskayaw
Vehumet
Wu Jian
Yredelemnul
Zin
The Shining One

Shops:
D:4 ?

Annotations:
D:6 1 runed translucent door, Necrophagist's ghost, novice DjCj
D:8 Grum


Innate Abilities, Weirdness & Mutations

You are immune to sickness and miasma.
Your stone body is resilient. (AC +7)
You are immune to poison.
You resist negative energy. (rN+)
You are resistant to electric shocks. (rElec)
You are resistant to unholy torment.
You are immune to petrification.


Message History

The wolf misses you.
You hit the wolf but do no damage. You drain the wolf.
The wolf is lightly wounded.
You block the wolf's attack. The wolf barely misses you.
The wolf bites you but does no damage.
You closely miss the wolf.
The wolf is lightly wounded.
The wolf closely misses you. The wolf bites you but does no damage.
You miss the wolf.
The wolf is lightly wounded.
The wolf barely misses you. The wolf bites you but does no damage.
You block the wolf's attack.
You completely miss the wolf.
The wolf is lightly wounded.
The wolf bites you but does no damage. The wolf closely misses you.
The wolf bites you but does no damage.
You sock the wolf!
The wolf is heavily wounded.
The wolf bites you but does no damage. The wolf bites you.
* * * LOW HITPOINT WARNING * * *
You block the wolf's attack.
You hit the wolf. You drain the wolf.
The wolf is almost dead.
The wolf bites you but does no damage. x3
You closely miss the wolf.
The wolf is almost dead.
The wolf bites you but does no damage. The wolf barely misses you.
You hit the wolf.
The wolf is almost dead.
The wolf bites you!
* * * LOW HITPOINT WARNING * * *
The wolf bites you.
* * * LOW HITPOINT WARNING * * *
The wolf bites you.
* * * LOW HITPOINT WARNING * * *
You sock the wolf!
You kill the wolf!
The Council accepts your kill. The wolf bites you!
You die...

########........
#........≈≈≈..##
#####..#.≈!≈....
##...≈≈≈....
###.....##.
##..........
##########...........
#....................
#...@................
#..†h...............(
#########............
#..........))
###..........)<
#...>..........
##.#..###..#####
#....###..## #.
#######..## ##.


You could see a wolf.

Vanquished Creatures
  Joseph (D:7)
  Prince Ribbit (D:7)
  A steam dragon (D:7)
  Menkaure (D:4)
  A water moccasin (D:6)
  Duvessa (D:4)
  3 black bears
  An orc warrior (D:6)
  2 ice beasts
  2 necrophages (D:6)
  A hornet zombie (D:6)
  2 wolves (D:7)
  A centaur (D:7)
  2 ogres
  Blork the orc (D:5)
  2 kobold brigands
  5 scorpions
  A bullfrog (D:7)
  A gnoll sergeant (D:5)
  A wyvern skeleton (D:4)
  Dowan (D:4)
  2 centaur zombies (D:7)
  4 orc priests
  A jelly (D:5)
  4 iguanas
  Jessica (D:3)
  5 orc wizards
  2 hound skeletons
  Robin (D:3)
  A howler monkey zombie (D:7)
  3 gnolls
  6 adders
  3 worms
  3 dart slugs
  11 orcs
  5 ball pythons
  6 endoplasms
  2 giant cockroaches (D:2)
  13 goblins
  10 hobgoblins
  5 quokkas
  6 bats
  4 frilled lizards
  17 kobolds
  2 rats
149 creatures vanquished.

Vanquished Creatures (others)
  3 fungi (D:3)
  2 withered plants (D:6)
5 creatures vanquished.

Grand Total: 154 creatures vanquished

Notes
Turn   | Place    | Note
-------+----------+-------------------------------------------
     0 | D:1      | Froggeryz the Gargoyle Warper began the quest for the Orb.
     0 | D:1      | Reached XP level 1. HP: 12/12 MP: 3/3
   116 | D:1      | Reached skill level 1 in Throwing
   202 | D:1      | Found a faded altar of an unknown god.
   375 | D:1      | Reached XP level 2. HP: 13/17 MP: 5/5
   475 | D:1      | Prayed at the altar of an unknown god.
   475 | D:1      | Became a worshipper of the Wu Jian Council
   475 | D:1      | Reached * piety under Wu Jian
   715 | D:1      | Reached skill level 3 in Maces & Flails
  1151 | D:2      | Reached XP level 3. HP: 12/21 MP: 6/6
  1874 | D:3      | Reached ** piety under Wu Jian
  1919 | D:3      | Found a hazy altar of Hepliaklqana.
  2131 | D:3      | Reached skill level 1 in Shields
  2134 | D:3      | Reached XP level 4. HP: 15/26 MP: 7/7
  2302 | D:3      | Noticed Robin
  2333 | D:2      | Reached skill level 4 in Maces & Flails
  2998 | D:3      | Killed Robin
  3485 | D:3      | Reached XP level 5. HP: 23/30 MP: 8/8
  3645 | D:3      | Noticed Jessica
  3649 | D:3      | Killed Jessica
  4084 | D:4      | HP: 1/30 [iguana (8)]
  4096 | D:4      | Reached skill level 5 in Maces & Flails
  4319 | D:4      | Noticed Duvessa
  4319 | D:4      | Noticed Dowan
  4334 | D:4      | Killed Duvessa
  4335 | D:4      | Reached XP level 6. HP: 20/35 MP: 9/9
  4352 | D:4      | Killed Dowan
  4482 | D:4      | Found Iplufoz's Magic Scroll Emporium.
  4488 | D:4      | Bought a scroll of fog for 28 gold pieces
  4488 | D:4      | Bought a scroll of fear for 49 gold pieces
  4576 | D:4      | Reached skill level 6 in Maces & Flails
  5003 | D:5      | Entered Level 5 of the Dungeon
  5043 | D:5      | Reached XP level 7. HP: 32/40 MP: 10/10
  5410 | D:5      | You fall into a shaft and drop 2 floors!
  5428 | D:7      | HP: 2/40 [ice beast (13)]
  5748 | D:7      | Reached skill level 7 in Maces & Flails
  5819 | D:6      | Noticed a steam dragon
  5862 | D:7      | Noticed Joseph
  5872 | D:7      | HP: 2/40 [Joseph (6)]
  6741 | D:4      | Found an opulent altar of Gozag.
  6845 | D:4      | Noticed Menkaure
  6855 | D:4      | Killed Menkaure
  7010 | D:5      | Reached XP level 8. HP: 19/44 MP: 11/11
  7370 | D:5      | Reached skill level 8 in Maces & Flails
  7855 | D:5      | Reached *** piety under Wu Jian
  8943 | D:6      | Noticed Blork the orc
  8943 | D:6      | Found a staircase to the Ecumenical Temple.
  8963 | D:5      | Killed Blork the orc
  9197 | Temple   | Entered the Ecumenical Temple
  9410 | D:6      | HP: 2/45 [ogre (13)]
  9412 | D:6      | Reached skill level 9 in Maces & Flails
 10015 | D:6      | Reached XP level 9. HP: 33/52 MP: 12/12
 10130 | D:6      | Found a blossoming altar of Fedhas.
 10409 | D:6      | Found a runed translucent door.
 10410 | D:6      | Noticed Necrophagist's ghost (novice DjCj)
 10453 | D:6      | Reached skill level 10 in Maces & Flails
 10904 | D:6      | Found a bloodstained altar of Trog.
 10913 | D:6      | Reached skill level 5 in Fighting
 11011 | D:6      | Found a shimmering blue altar of Sif Muna.
 11031 | D:6      | Got Sif Muna's Reference Book on Burning Attacks
 11389 | D:7      | Killed Joseph
 11662 | D:7      | Reached **** piety under Wu Jian
 11663 | D:7      | Reached skill level 11 in Maces & Flails
 11709 | D:7      | Noticed Prince Ribbit
 11727 | D:7      | Killed Prince Ribbit
 11728 | D:7      | Reached XP level 10. HP: 37/60 MP: 13/13
 12121 | D:8      | Noticed Grum
 12145 | D:7      | Slain by a wolf

Illustrated notes

Levels and vault maps discovered:
D:1:      psy_arrival_spokes, layout_basic,
          hellmonk_ecumenical_altar_pennies_from_heaven, st_stairs_11
D:2:      layout_basic
D:3:      layout_basic, mainiacjoe_overflow_boulevard, minmay_misc_feat_cross,
          minmay_quantized, uniq_jessica, uniq_robin
D:4:      layout_basic, nicolae_gozag_cash_rules_everything_around_me,
          serial_rivers, chequers_serial_rivers_large_a,
          chequers_serial_rivers_micro_b, chequers_serial_rivers_micro_b,
          chequers_serial_rivers_large_b, chequers_serial_rivers_micro_b,
          chequers_serial_rivers_micro_c, serial_shops, shop, item_on_display_a,
          uniq_menkaure, uniq_duvessa
D:5:      layout_gridville, kennysheep_generic_room_15
D:6:      layout_loops_ring, fedhas_altar_1,
          nzn_overflow_gifts_of_might_and_magic, minmay_temple_entry_offerings,
          gammafunk_ghost_grave, serial_glass, glass_columns_a, glass_columns_a,
          uniq_blork_the_orc
D:7:      layout_rooms, corexii_item_surrounded_by_moat, uniq_joseph,
          uniq_prince_ribbit1
D:8:      layout_loops_corners, erik_lair_island, enter_bailey_5, uniq_grum
Temple:   nicolae_temple_elliptical

Skill      XL: |  1  2  3  4  5  6  7  8  9 |
---------------+----------------------------+-----
Throwing       | 1 3 |  3.4
Maces & Flails | 3 4 5 6 7 9 11 | 11.4
Shields        | 1 2 3 4 |  4.0
Armour         | 3 4 |  4.1
Fighting       | 3 6 |  6.3
Dodging        | |  1.5
Spellcasting   | |  2.0
Translocations | |  2.6

Action                   |  1- 3 |  4- 6 |  7- 9 | 10-12 || total
-------------------------+-------+-------+-------+-------++-------
Melee: Mace              |   149 |    81 |       |       ||   230
       Club              |       |    87 |   381 |       ||   468
       Flail             |       |       |   141 |    34 ||   175
Throw: Dart              |       |    15 |     6 |       ||    21
       Boomerang         |       |     2 |       |       ||     2
Invok: Lunge             |    13 |     4 |    16 |     1 ||    34
       Whirlwind         |     1 |     2 |     9 |       ||    12
 Abil: Wall Jump         |       |       |     1 |       ||     1
  Use: Potion            |       |     2 |     1 |       ||     3
       Scroll            |       |       |     7 |     1 ||     8
Armor: Leather armour    |    69 |       |       |       ||    69
       Ring mail         |       |    97 |    70 |       ||   167
       Scale mail        |       |       |   216 |    36 ||   252
Dodge: Dodged            |   111 |   102 |   181 |    27 ||   421
Block: Buckler           |       |       |   113 |    14 ||   127

Table legend: (Time is in decaauts)
 A = Elapsed time spent in this place.
 B = Non-inter-level travel time spent in this place.
 C = Inter-level travel time spent in this place.
 D = Time resting spent in this place.
 E = Time spent auto-exploring this place.
 F = Levels seen in this place.
 G = Mean time per level.
                   A        B        C        D        E       F      G
               +--------+--------+--------+--------+--------+-----+--------+
         Total |  12204 |  11907 |    297 |   3912 |   6183 |   9 | 1356.0 |
       Dungeon |  12045 |  11775 |    270 |   3912 |   6067 |   8 | 1505.6 |
        Temple |    158 |    131 |     27 |      0 |    116 |   1 |  158.0 |
               +--------+--------+--------+--------+--------+-----+--------+

Top non-repeatable levels by time:
     D:5: 2988 daAuts
     D:4: 1846 daAuts
     D:2: 1747 daAuts
     D:7: 1589 daAuts
     D:6: 1416 daAuts
     D:3: 1380 daAuts
     D:1: 1073 daAuts
  Temple: 158 daAuts
     D:8: 4 daAuts
